 Dungeon Crawl Stone Soup version 0.27.1-33-g824d729ab1 (webtiles) character file.

Game seed: 2594830735971028995

702 zeram the Covert (level 7, -3/45 HPs)
             Began as an Octopode Brigand on Dec 20, 2021.
             Slain by Duvessa (18 damage)
             ... on level 4 of the Dungeon.
             The game lasted 00:08:54 (6027 turns).

zeram the Covert (Octopode Brigand)                 Turns: 6027, Time: 00:08:55

Health: -3/45      AC:  1    Str: 10    XL:     7   Next: 66%
Magic:  7/7        EV: 14    Int: 18    God:
Gold:   103        SH:  0    Dex: 14    Spells: 1/6 levels left

rFire    . . .     SeeInvis .   g - +8 mace "Ukiul" {flame, Int+3}
rCold    . . .     Faith    .   (no shield)
rNeg     . . .     Spirit   .   (helmet restricted)
rPois    .         Reflect  .   (no amulet)
rElec    .         Harm     .   (no ring)
rCorr    .         Rampage  .   (no ring)
Will     .....                  (no ring)
Stlth    +++++.....             (no ring)
HPRegen  0.15/turn              (no ring)
MPRegen  0.10/turn              (no ring)
                                (no ring)
                                (no ring)

@: no status effects
A: almost no armour, amphibious, 8 rings, camouflage 1, gelatinous body 1,
(nimble swimmer 1), tentacles
a: no special abilities


You were on level 4 of the Dungeon.
You visited 1 branch of the dungeon, and saw 4 of its levels.

You collected 153 gold pieces.
You spent 50 gold pieces at shops.

Inventory:

Hand Weapons
 a - a +2 dagger
 g - the +8 mace "Ukiul" (weapon) {flame, Int+3}
   (You found it on level 4 of the Dungeon)

   It burns those it strikes, dealing additional fire damage.
   Int:       It affects your intelligence (+3).
 n - a +1 dagger of holy wrath
Missiles
 b - 68 poisoned darts (quivered)
 c - 2 curare-tipped darts
Potions
 d - a potion of brilliance {unknown}
 e - 3 potions of flight
 f - 2 potions of cancellation
 h - a potion of curing


   Skills:
 - Level 2.0 Fighting
 - Level 4.2 Short Blades
 - Level 2.0 Throwing
 + Level 2.9 Dodging
 + Level 10.1 Stealth
 * Level 2.3 Conjurations


You had one spell level left.
You knew the following spells:

 Your Spells              Type           Power      Damage    Failure   Level
a - Fireball              Conj/Fire      2%         3d4       98%         5

Your spell library contained the following spells:

 Spells                   Type           Power      Damage    Failure   Level
 Foxfire                  Conj/Fire      16%        2x1d4     14%         1
 Conjure Flame            Conj/Fire      4%         6-21      38%         3
 Inner Flame              Hex/Fire       0%         N/A       54%         3
 Iskenderun's Battlesphe  Conj           8%         2d6       94%         5
 Conjure Ball Lightning   Conj/Air       2%         3x3d6     100%        6
 Orb of Destruction       Conj           4%         9d2       100%        7


Dungeon Overview and Level Annotations

Branches:
Dungeon (4/15)
 Temple: D:4-7

Altars:
Kikubaaqudgha
Nemelex Xobeh
Sif Muna
Wu Jian
Zin

Shops:
D:3 !   D:4 [

Annotations:
D:4 Duvessa, Pikel


Innate Abilities, Weirdness & Mutations

You cannot wear most types of armour.
You are amphibious.
You can wear up to eight rings at the same time.
Your skin changes colour to match your surroundings (Stealth+).
Your rubbery body absorbs attacks. (AC +1, EV +1)
((You are camouflaged near water. (Stealth+)))
You have tentacles for arms and can constrict up to eight enemies at once.


Message History

An ufetubus is nearby!
The ufetubus shouts!
The ufetubus barely misses you. The ufetubus hits you.
You barely miss the ufetubus. Your grab misses the ufetubus.
You squeeze the ufetubus.
The ufetubus is moderately wounded.
The ufetubus barely misses you. The ufetubus hits you.
The ufetubus misses you. x2
You sock the ufetubus! You burn the ufetubus.
You kill the ufetubus!
No target in view!
h - 3 potions of curing (gained 1)
Things that are here:
a +0 glaive; a +0 robe Duvessa is nearby!
Duvessa is nearby!
Duvessa is nearby!
Duvessa is nearby!
Duvessa goes berserk!
Duvessa rages.
Duvessa closely misses you. Duvessa misses you.
The hobgoblin shouts!
You sock Duvessa! You burn Duvessa. You grab Duvessa. You squeeze Duvessa.
Duvessa is moderately wounded.
You constrict Duvessa, but do no damage.
Duvessa barely misses you. x2
You hit Duvessa. You burn Duvessa.
Duvessa is moderately wounded.
You constrict Duvessa.
Duvessa hits you with a +0 short sword!!
Duvessa hits you with a +0 short sword!
* * * LOW HITPOINT WARNING * * *
Unknown command.
You feel better.
You constrict Duvessa. Duvessa closely misses you.
You release your grip on Duvessa.
Duvessa closely misses you. Duvessa hits you with a +0 short sword!
* * * LOW HITPOINT WARNING * * *
You aren't carrying any scrolls.
You feel better.
Duvessa hits you with a +0 short sword!!
You die...

.........# #............
.........######<...........
...........................
.........##...####.........
..............'......J.....
###......##...####........g
#########.##.###..##.##..
#.#...#####...#..
#...#.@egJ..#....
#.#...#####...#.. #.##.##
.## #..#.# # #..#.# #.# #.#


You could see Duvessa (berserk), an endoplasm and a hobgoblin.

Vanquished Creatures
  Grinder (D:4)
  Sigmund (D:2)
  4 lemures
  Blork the orc (D:4)
  Dowan (D:4)
  Crazy Yiuf (D:2)
  An orc wizard (D:4)
  2 gnolls (D:4)
  5 adders
  An ufetubus (D:4)
  An adder skeleton (D:4)
  A worm (D:4)
  4 dart slugs
  10 orcs
  8 endoplasms
  4 giant cockroaches
  5 goblins
  5 hobgoblins
  4 jackals (D:1)
  7 kobolds
  6 quokkas
  7 ball pythons
  4 bats (D:1)
  4 frilled lizards
  4 rats
92 creatures vanquished.

Notes
Turn   | Place    | Note
-------+----------+-------------------------------------------
     0 | D:1      | zeram the Octopode Brigand began the quest for the Orb.
     0 | D:1      | Reached XP level 1. HP: 14/14 MP: 1/1
    57 | D:1      | Reached XP level 2. HP: 11/19 MP: 2/2
   208 | D:1      | Reached skill level 6 in Stealth
   527 | D:1      | Reached XP level 3. HP: 7/24 MP: 3/3
   764 | D:1      | Found a faded altar of an unknown god.
  1746 | D:2      | Found a runed translucent door.
  1747 | D:2      | Noticed Crazy Yiuf
  2000 | D:2      | Found an ancient bone altar of Kikubaaqudgha.
  2057 | D:2      | Noticed Sigmund
  2486 | D:2      | Killed Sigmund
  2487 | D:2      | Reached skill level 8 in Stealth
  2487 | D:2      | Reached XP level 4. HP: 26/29 MP: 4/4
  2487 | D:2      | Reached XP level 5. HP: 31/34 MP: 5/5
  2790 | D:2      | Killed Crazy Yiuf
  2791 | D:2      | Reached XP level 6. HP: 20/39 MP: 6/6
  2994 | D:3      | Learned a level 5 spell: Fireball
  3101 | D:3      | Found a shimmering blue altar of Sif Muna.
  3328 | D:3      | Found a sparkling altar of Nemelex Xobeh.
  3352 | D:3      | Found an ornate altar of the Wu Jian Council.
  3611 | D:3      | Found a glowing silver altar of Zin.
  3682 | D:3      | Found Iliut's Distillery.
  3690 | D:3      | Bought a potion of heal wounds for 50 gold pieces
  4311 | D:4      | Noticed Pikel
  4314 | D:4      | Found Tingot's Armour Boutique.
  4738 | D:4      | Noticed Grinder
  4741 | D:4      | Reached skill level 9 in Stealth
  4743 | D:4      | Paralysed by Grinder for 5 turns
  4758 | D:4      | Paralysed by Grinder for 3 turns
  4772 | D:4      | Paralysed by Grinder for 2 turns
  4782 | D:4      | Killed Grinder
  4783 | D:4      | Reached skill level 1 in Conjurations
  4783 | D:4      | Reached XP level 7. HP: 10/45 MP: 7/7
  4787 | D:4      | Noticed Duvessa
  5164 | D:4      | HP: 1/45 [Pikel (4)]
  5550 | D:4      | Identified the +8 mace "Ukiul" {flame, Int+3}
  5669 | D:4      | Noticed Dowan
  5677 | D:4      | Killed Dowan
  5748 | D:4      | Noticed Blork the orc
  5761 | D:4      | Killed Blork the orc
  5762 | D:4      | Reached skill level 10 in Stealth
  6027 | D:4      | Slain by Duvessa

Illustrated notes

Levels and vault maps discovered:
D:1:      dpeg_arrival_radiant, layout_loops_ring,
          shapermc_ecumenical_altar_venn, nrook_mini_vaults
D:2:      layout_basic, basic_altar, uniq_crazy_yiuf_cottage, uniq_sigmund
D:3:      layout_basic, mainiacjoe_overflow_chevrons,
          mainiacjoe_overflow_surrounded_room,
          mainiacjoe_overflow_large_starburst, serial_shops, shop
D:4:      layout_basic, serial_shops, nicolae_square_shop,
          minmay_strange_pillars, minmay_misc_feat_tower, uniq_duvessa,
          uniq_grinder, uniq_blork_the_orc, uniq_pikel

Skill      XL: |  1  2  3  4  5  6  7 |
---------------+----------------------+-----
Stealth        | 6 8 9 10 | 10.1
Short Blades   | 3 4 |  4.2
Dodging        | 2 |  2.9
Conjurations   | 1 2 |  2.3
Fighting       | |  2.0
Throwing       | |  2.0

Action                   |  1- 3 |  4- 6 |  7- 9 || total
-------------------------+-------+-------+-------++-------
Melee: Dagger            |    84 |   103 |    19 ||   206
       Tentacles         |    20 |    26 |     7 ||    53
       Constrict         |    15 |    24 |     8 ||    47
       Mace              |       |       |    16 ||    16
Throw: Dart              |     6 |     6 |     3 ||    15
  Use: Scroll            |     3 |     6 |       ||     9
       Potion            |       |     5 |     4 ||     9
 Stab: Sleeping          |    16 |    11 |     5 ||    32
       Distracted        |       |       |     1 ||     1
Armor: Skin              |     2 |     3 |     1 ||     6
Dodge: Dodged            |    33 |    50 |    25 ||   108
